Map: Blackburn LE

Players

Kas - Winner!

  • Race: Terran Terran

MaNa

  • Race: Protoss Protoss

Event: DreamHack SC2 Masters 2021 Fall

VOD

Have the link to the VOD?

Description

Time

  • Played on: Aug. 5, 2021, 10:37 a.m.
  • Length: 22:27

All games in this series

Show
View Real Time Build Order
Export as new Build Order

Kas Terran - Winner!

Build Orders: Reaper Expand 

Get SALT Encoding   

  12  0:00  SCV  
  13  0:12  SCV  
  14  0:17  Supply Depot  
  14  0:24  SCV  
  15  0:38  SCV  
  15  0:39  Barracks  
  16  0:43  Refinery  
  16  0:50  SCV  
  17  1:02  SCV  
  18  1:15  SCV  
  19  1:27  Reaper, Orbital Command  
  20  1:43  Command Center  
  20  1:51  Supply Depot  
  20  1:53  SCV  
  21  2:00  Marine  
  22  2:06  SCV  
  23  2:11  Factory  
  23  2:18  SCV  
  23  2:20  Refinery  
  23  2:22  Barracks Reactor  
  24  2:28  Bunker  
  24  2:30  SCV  
  25  2:42  SCV  
  26  2:54  SCV  
  26  2:56  Starport  
  26  2:57  Orbital Command, Widow Mine  
  29  3:06  Marine, SCV  
  29  3:07  Marine  
  32  3:18  Widow Mine  
  32  3:19  SCV  
  35  3:26  Marine  
  35  3:27  Marine  
  35  3:31  SCV  
  35  3:33  SCV  
  38  3:35  Supply Depot  
  38  3:39  Medivac, Factory Tech Lab  
  40  3:43  SCV  
  40  3:44  Marine x2  
  40  3:45  SCV  
  44  3:55  SCV  
  45  3:56  Barracks  
  45  3:58  SCV  
  45  4:00  Cyclone  
  48  4:06  Marine x2  
  48  4:07  SCV  
  51  4:11  Barracks  
  51  4:15  Starport Tech Lab  
  51  4:16  SCV  
  52  4:19  SCV  
  53  4:26  Supply Depot, Engineering Bay  
  53  4:28  SCV  
  54  4:44  Factory Reactor, Starport Reactor  
  54  4:45  Supply Depot  
  54  4:48  Marine x2, SCV x2  
  54  4:49  Refinery, Supply Depot  
  58  4:53  Stimpack  
  58  4:54  Marine  
  58  4:57  Terran Infantry Weapons Level 1  
  57  5:00  SCV x2  
  59  5:07  Combat Shield  
  59  5:09  Marine, Marauder  
  59  5:11  Marine  
  59  5:12  SCV x2  
  65  5:17  Refinery  
  65  5:23  Marauder  
  65  5:24  SCV x2  
  65  5:26  Widow Mine x2  
  71  5:29  Medivac  
  71  5:30  Marine x2  
  75  5:36  SCV x2  
  77  5:49  Supply Depot x2  
  78  5:51  Supply Depot  
  78  5:54  Marine  
  78  6:06  Command Center  
  78  6:10  Marine, SCV x2, Medivac x2  
  78  6:11  Widow Mine x2, Marauder x2  
  93  6:21  Marine  
  93  6:22  SCV  
  93  6:25  Supply Depot, Barracks x2  
  95  6:28  SCV  
  95  6:29  Supply Depot  
  96  6:34  SCV  
  96  6:38  Marauder  
  99  6:46  SCV  
  97  6:52  Marine x2, Marauder  
  97  6:53  SCV  
  97  6:58  Widow Mine  
  97  6:59  Marauder  
  98  7:04  SCV  
  94  7:10  SCV  
  94  7:13  Marauder  
  94  7:14  Barracks Tech Lab  
  87  7:18  Barracks Reactor  
  87  7:19  Marine x2  
  87  7:20  Widow Mine  
  87  7:21  Widow Mine, Medivac x2  
  87  7:22  Orbital Command  
  96  7:23  SCV x2  
  96  7:24  Concussive Shells  
  96  7:25  Marauder  
  96  7:29  Terran Infantry Armor Level 1  
  96  7:33  Marauder  
  96  7:35  SCV x2  
  100  7:40  Marauder  
  100  7:42  Missile Turret  
  102  7:45  Marine x2  
  102  7:47  SCV x2, Orbital Command  
  106  7:56  Marine x2, Ghost Academy  
  106  7:57  Supply Depot, Marauder  
  112  7:58  Marauder  
  112  8:03  Marine, SCV, Marauder  
  116  8:12  Widow Mine x2  
  120  8:13  SCV  
  120  8:18  SCV, Medivac x2  
  120  8:19  Marauder x2  
  130  8:24  Marine x2  
  130  8:25  Marine x2, SCV  
  135  8:28  Ghost  
  135  8:32  Supply Depot  
  137  8:35  Supply Depot  
  137  8:36  Supply Depot  
  137  8:39  Ghost  
  137  8:40  Ghost  
  141  8:41  Refinery  
  140  8:49  SCV  
  140  8:54  Command Center  
  140  8:56  Marine x2  
  140  8:57  Widow Mine  
  140  8:58  Widow Mine, Marauder  
  148  9:09  Marauder  
  146  9:10  Marauder  
  146  9:13  Medivac x2  
  150  9:19  Widow Mine x2, Marauder  
  150  9:20  SCV x2  
  150  9:22  Marine  
  159  9:30  SCV, Marauder  
  162  9:35  Marine x2, SCV, Marauder  
  159  9:38  SCV  
  159  9:40  Widow Mine x2, Marauder  
  159  9:41  Refinery  
  159  9:42  Supply Depot  
  159  9:44  Supply Depot  
  165  9:54  Marine  
  165  9:59  Supply Depot x2  
  165  10:03  Marine x3  
  165  10:04  Medivac x2  
  165  10:05  SCV, Marauder x2  
  177  10:14  Barracks x2, Ghost  
  177  10:15  Barracks  
  179  10:25  Planetary Fortress  
  179  10:26  Missile Turret  
  179  10:27  SCV x3  
  182  10:30  Marauder  
  182  10:31  Marine x2  
  186  10:37  Starport  
  186  10:39  Viking  
  188  10:44  Viking  
  175  10:59  Marauder x3  
  181  11:08  Armory  
  181  11:10  Engineering Bay  
  181  11:17  Viking x2  
  181  11:20  Marauder x2  
  182  11:30  Engineering Bay  
  182  11:31  Armory  
  182  11:34  Viking x2  
  186  11:40  Missile Turret  
  186  11:43  Marine x4, Marauder x2  
  186  11:44  Barracks Tech Lab x2  
  186  11:45  SCV  
  186  11:46  SCV  
  196  11:51  Viking x2  
  200  11:57  Command Center  
  200  12:00  Fusion Core  
  187  12:26  Marauder  
  187  12:27  Marauder  
  187  12:29  Marine x2, Marauder x2  
  197  12:31  SCV x2  
  197  12:35  SCV  
  197  12:36  Missile Turret  
  200  12:41  Marauder  
  193  12:52  Refinery  
  193  12:53  Refinery  
  193  12:54  SCV  
  193  12:55  Terran Infantry Weapons Level 2  
  193  12:56  Terran Infantry Armor Level 2  
  193  12:57  Terran Ship Weapons Level 1  
  188  13:02  Marine x2  
  188  13:03  Marauder x4  
  196  13:07  Command Center  
  196  13:09  Barracks Tech Lab  
  196  13:13  Advanced Ballistics  
  196  13:18  Orbital Command  
  196  13:22  Command Center  
  176  13:38  Marine, Marauder x2  
  169  13:44  Ghost  
  151  13:48  Liberator  
  151  13:49  Liberator x3  
  151  13:50  Marine x3, Marauder x3  
  172  13:55  Marine  
  172  13:59  Marine, Marauder  
  172  14:00  SCV  
  177  14:08  Marine x2  
  179  14:10  Marine  
  179  14:11  Marauder x2  
  179  14:12  Marauder  
  179  14:13  Marine x2  
  184  14:17  Marauder  
  184  14:21  Marauder  
  182  14:27  Marine x2  
  182  14:29  Marine  
  182  14:31  Marine, Marauder  
  182  14:32  SCV x2  
  182  14:33  Marauder x3  
  182  14:36  Liberator  
  195  14:38  Marauder  
  195  14:42  Marauder  
  195  14:45  Marine  
  198  14:53  Marauder  
  198  14:54  Orbital Command  
  198  14:58  Missile Turret  
  167  15:18  Marine, Marauder x2  
  169  15:26  Marauder  
  171  15:28  Missile Turret  
  171  15:30  Marine  
  171  15:31  Orbital Command, Marauder x2  
  171  15:34  Marauder  
  178  15:41  Marine, Marauder  
  169  15:43  Liberator x2  
  169  15:44  Liberator x2  
  169  15:49  Planetary Fortress  
  175  15:52  Marauder x2  
  175  15:55  Missile Turret  
  172  16:07  Marine x2, Marauder x2  
  176  16:13  Marine x2, Marauder x2  
  176  16:14  SCV  
  180  16:19  Missile Turret  
  180  16:25  Marine x2  
  181  16:28  Marauder  
  181  16:29  Marauder  
  171  16:46  Marine  
  171  16:47  Marauder x2  
  156  16:48  Liberator  
  156  16:49  Liberator x3  
  156  16:50  Marauder  
  170  16:55  Marauder  
  170  16:58  SCV  
  170  17:00  Marauder  
  161  17:17  Marine x2, Marauder  
  161  17:18  Marauder  
  161  17:20  Marine, Marauder x2  
  161  17:22  Marauder  
  173  17:39  Marauder x2  
  173  17:40  Marine x3  
  173  17:42  Marauder x2  
  173  17:44  Marauder  
  184  17:54  Medivac x2  
  184  17:55  Medivac x2  
  184  17:57  SCV  
  184  17:58  Marine  
  193  18:00  Terran Ship Weapons Level 2  
  193  18:02  Terran Infantry Armor Level 3, Terran Infantry Weapons Level 3  
  193  18:04  Ghost x2  
  198  18:07  Barracks Tech Lab  
  198  18:10  Missile Turret  
  147  18:36  Liberator x2  
  147  18:37  Marauder x4  
  147  18:38  Marine x3, Marauder  
  157  18:56  Marine x3  
  157  18:57  Missile Turret  
  157  18:58  Marine x4  
  157  19:00  Marauder  
  157  19:14  Marine x2, Marauder  
  157  19:16  Marine x2, Marauder x2  
  166  19:21  Marauder  
  166  19:23  Medivac x2  
  166  19:24  Medivac  
  172  19:32  Marine x2  
  172  19:34  Marauder x2  
  172  19:36  Marauder  
  172  19:37  Marine x2  
  152  19:42  Marine  
  131  19:47  Medivac  
  131  19:49  Marine x2  
  131  19:53  Medivac  
  131  19:54  SCV  
  131  19:55  Refinery x2, Marine, Marauder x2  
  131  19:56  Marauder  
  131  19:57  Marine  
  144  20:07  Marine, Marauder  
  144  20:13  Marauder  
  112  20:22  Marine, Marauder  
  112  20:23  Marauder x3, Liberator  
  112  20:24  Medivac  
  112  20:25  Marine  
  112  20:28  Marauder  
  129  20:35  Marauder  
  131  20:36  SCV x3  
  131  20:37  Orbital Command  
  131  20:38  SCV x2  
  131  20:40  Marine, Viking  
  139  20:43  Marine x2  
  139  20:44  Marine, Marauder x2  
  139  20:49  Marauder  
  148  20:52  Viking  
  148  20:53  Refinery  
  148  20:54  Viking  
  148  20:56  Marauder  
  154  20:58  Marine  
  154  21:02  Marauder x2  
  154  21:03  SCV  
  160  21:05  Marauder  
  160  21:06  Viking, Marauder, Missile Turret  
  160  21:07  Marine  
  160  21:10  Viking, Missile Turret  
  160  21:11  Marauder  
  171  21:16  Marine  
  171  21:18  Marauder  
  174  21:22  Viking, Ghost  
  174  21:23  Marine  
  178  21:30  Marauder  
  178  21:31  Marauder  
  171  21:36  Viking  
  171  21:38  Marine, Marauder  
  171  21:39  Marine, Marauder  
  177  21:41  Marauder  
  179  21:51  Marine  
  179  21:52  Marauder x2  
  184  21:56  Marine x2  
  184  21:59  Marauder  
  184  22:00  Marauder  
Show
View Real Time Build Order
Export as new Build Order

MaNa Protoss 

Build Orders: 1 Gate Expand, Oracle Opening, Colossus Rush 

Get SALT Encoding   

  12  0:00  Probe  
  13  0:12  Probe  
  14  0:17  Pylon  
  14  0:24  Probe (Chrono Boost)  
  15  0:36  Gateway, Probe (Chrono Boost)  
  16  0:43  Probe (Chrono Boost)  
  16  0:45  Assimilator  
  17  0:50  Probe  
  18  1:03  Probe  
  19  1:15  Probe  
  20  1:22  Cybernetics Core  
  20  1:34  Nexus  
  20  1:42  Pylon  
  20  1:45  Probe  
  21  1:52  Assimilator  
  21  1:57  Probe  
  21  1:58  Adept (Chrono Boost)  
  24  2:10  Probe  
  24  2:15  Stargate  
  25  2:22  Probe  
  26  2:24  Adept (Chrono Boost)  
  28  2:31  Warp Gate  
  28  2:34  Probe  
  29  2:46  Probe x2  
  29  2:47  Adept  
  33  2:58  Probe x2  
  34  3:00  Oracle (Chrono Boost)  
  38  3:10  Probe x2  
  40  3:15  Pylon  
  40  3:22  Probe  
  40  3:23  Probe  
  42  3:27  Oracle (Chrono Boost)  
  43  3:35  Probe x2  
  45  3:41  Gateway  
  45  3:47  Probe x2  
  44  3:57  Assimilator x2  
  44  3:59  Probe x2  
  46  4:06  Robotics Facility  
  46  4:08  Void Ray (Chrono Boost)  
  48  4:11  Probe x2  
  48  4:23  Probe x2  
  54  4:44  Nexus  
  54  4:46  Pylon  
  54  4:47  Pylon  
  54  4:56  Pylon, Robotics Bay  
  54  5:04  Observer (Chrono Boost), Probe x2  
  54  5:05  Sentry, Zealot  
  61  5:15  Gateway x2  
  61  5:16  Probe x2  
  61  5:18  Twilight Council  
  63  5:26  Immortal (Chrono Boost)  
  63  5:28  Probe x2  
  65  5:34  Pylon  
  69  5:39  Shield Battery  
  69  5:40  Probe  
  71  5:50  Pylon, Probe  
  71  5:51  Observer  
  71  5:55  Colossus (Chrono Boost)  
  71  5:56  Charge  
  71  5:58  Probe  
  71  6:02  Extended Thermal Lance  
  78  6:06  Probe x2  
  78  6:10  Probe  
  80  6:19  Zealot x2  
  80  6:20  Zealot x2  
  80  6:21  Phoenix (Chrono Boost)  
  90  6:26  Probe x3  
  93  6:34  Pylon x2  
  93  6:46  Zealot x4  
  97  6:51  Probe  
  97  6:53  Probe x2  
  90  7:03  Probe  
  90  7:05  Probe x2  
  93  7:09  Zealot x2  
  89  7:15  Probe  
  89  7:17  Probe  
  89  7:18  Probe  
  89  7:21  Zealot x2  
  93  7:23  Phoenix  
  93  7:26  Colossus (Chrono Boost)  
  93  7:28  Probe  
  100  7:40  Zealot x2  
  100  7:42  Zealot x2  
  108  7:47  Probe x3  
  108  7:50  Phoenix  
  113  8:03  Zealot x4  
  121  8:05  Assimilator  
  121  8:06  Assimilator  
  121  8:10  Probe x2  
  121  8:12  Forge  
  123  8:13  Forge  
  123  8:24  Pylon  
  123  8:34  Pylon, Probe x2  
  123  8:35  Pylon  
  123  8:37  Pylon  
  125  8:41  Colossus  
  125  8:46  Zealot  
  131  8:51  Stalker x2  
  131  8:53  Probe x2  
  135  8:55  Phoenix  
  135  9:02  Probe  
  136  9:05  Probe  
  136  9:06  Protoss Ground Weapons Level 1 (Chrono Boost)  
  136  9:07  Protoss Ground Armor Level 1 (Chrono Boost)  
  131  9:12  Zealot x2  
  131  9:14  Zealot x2  
  139  9:20  Phoenix  
  139  9:22  Gateway  
  137  9:39  Zealot x4  
  143  9:46  Warp Prism  
  137  9:56  Nexus, Gateway  
  137  9:58  Pylon, Gateway  
  135  10:00  Gateway  
  135  10:04  Gateway  
  135  10:07  Templar Archives  
  133  10:14  Probe  
  133  10:15  Probe x2  
  133  10:19  Photon Cannon  
  136  10:24  Zealot x2  
  136  10:25  Zealot x2  
  136  10:26  Disruptor  
  136  10:27  Probe  
  148  10:30  Photon Cannon  
  148  10:34  Pylon  
  148  10:36  Robotics Facility  
  138  11:07  Protoss Ground Weapons Level 2 (Chrono Boost), Protoss Ground Armor Level 2 (Chrono Boost), Zealot x9  
  156  11:15  Probe  
  149  11:18  Probe x2  
  149  11:19  Probe  
  148  11:27  Probe  
  148  11:30  Probe  
  148  11:31  Probe x2  
  148  11:32  Nexus  
  146  11:39  High Templar x6  
  158  11:43  Archon x3  
  158  11:45  High Templar x3  
  164  11:48  Photon Cannon  
  164  11:50  Archon  
  162  11:54  Disruptor (Chrono Boost)  
  162  11:55  Disruptor (Chrono Boost)  
  166  12:15  Zealot x4  
  166  12:16  Zealot x2  
  166  12:22  Disruptor x2 (Chrono Boost)  
  179  12:39  Nexus  
  169  12:51  Pylon  
  169  12:53  Pylon  
  169  12:55  Dark Shrine  
  169  12:56  Observer, Disruptor (Chrono Boost)  
  167  13:01  Blink  
  167  13:04  Stalker  
  167  13:05  Stalker x5  
  179  13:09  Probe  
  179  13:10  Probe x3  
  183  13:14  Disruptor (Chrono Boost)  
  183  13:22  Probe x2  
  183  13:28  Disruptor (Chrono Boost)  
  178  13:42  Protoss Ground Weapons Level 3 (Chrono Boost), Zealot x9, Protoss Ground Armor Level 3 (Chrono Boost)  
  178  13:43  Disruptor (Chrono Boost)  
  177  13:54  Disruptor (Chrono Boost)  
  177  14:01  Probe x2  
  180  14:07  Stalker x2  
  180  14:08  Stalker  
  180  14:09  Shadow Stride  
  181  14:10  Disruptor (Chrono Boost)  
  181  14:15  Nexus  
  176  14:30  Dark Templar x7  
  188  14:34  Pylon  
  188  14:35  Assimilator  
  188  14:36  Assimilator  
  188  14:37  Photon Cannon  
  180  14:40  Observer  
  180  14:43  Zealot x2  
  180  15:03  Zealot x8  
  165  15:31  Stalker x8  
  167  15:36  Colossus  
  146  16:07  Probe x3  
  143  16:19  Probe x2  
  143  16:21  Stalker x4  
  149  16:38  Nexus  
  128  16:49  Stalker x5  
  128  16:50  Stalker  
  142  16:54  Observer x2  
  142  17:01  Stalker x2  
  131  17:35  Nexus  
  131  17:52  Dark Templar x2, Stalker x2  
  131  17:55  Pylon  
  139  18:03  Probe  
  140  18:13  Probe x3  
  140  18:14  Pylon x2  
  140  18:16  Nexus  
  140  18:19  Stalker x2  
  118  18:35  Stalker x3  
  118  18:37  Stalker  
  125  18:52  Colossus  
  131  18:56  Probe x4  
  131  19:00  Stalker  
  137  19:08  Probe x2  
  134  19:19  High Templar x3  
  134  19:20  High Templar x3  
  134  19:23  Archon x2  
  139  19:25  Archon  
  139  19:26  Colossus  
  118  19:50  Nexus  
  118  19:53  Probe x4  
  118  19:57  Immortal  
  126  20:00  Pylon  
  126  20:08  Stalker x2  
  124  20:19  Zealot x3  
  120  20:27  Dark Templar, Zealot  
  118  20:29  Assimilator  
  118  20:32  Assimilator  
  117  20:40  Observer (Chrono Boost)  
  118  20:49  Zealot x5  
  128  20:54  Stalker  
  130  20:57  Probe x2  
  130  20:59  Observer (Chrono Boost)  
  133  21:09  Photon Cannon, Probe x2  
  133  21:10  Probe  
  134  21:20  Stalker x2  
  136  21:35  Stalker x4  
  136  21:39  Probe x2  
  146  21:44  Dark Templar  
  148  21:50  Stalker  
  145  22:02  Stalker x4  
  109  22:19  Zealot  
  109  22:20  Zealot  

Tags
 
Add a new tag
Caveats
  • Supply blocks, unpowered buildings, or Contaminate may cause inaccurate times.
  • Supply counts are checked every 10 seconds.